 Dungeon Crawl Stone Soup version 0.30.0-29-ga12c61a403 (webtiles) character file.

Game seed: 14872200533088028843

76767 MacCMillion the Convoker (level 15, -3/101 HPs)
             Began as a Tengu Summoner on June 6, 2023.
             Was an Initiate of Gozag.
             Shot with an arrow by a centaur warrior (14 damage)
             ... on level 13 of the Dungeon.
             The game lasted 01:14:12 (26802 turns).

MacCMillion the Convoker (Tengu Summoner)          Turns: 26802, Time: 01:14:12

Health: -3/101     AC:  8    Str:  9    XL:     15   Next: 54%
Magic:  30/30      EV: 24    Int: 28    God:    Gozag
Gold:   4748       SH:  0    Dex: 15    Spells: 14/34 levels left

rFire   . . .        M - +4 dagger (drain)
rCold   . . .        (no shield)
rNeg    . . .        Q - +2 ring mail {rPois}
rPois   +            (helmet restricted)
rElec   .            D - scarf {+Inv}
rCorr   .            (no gloves)
SInv    .            (boots unavailable)
Will    +....        G - amulet of magic regeneration
Stlth   +            I - +5 ring of evasion
HPRegen 0.36/turn    X - +6 ring of intelligence
MPRegen 0.62/turn

%: no passive effects
@: flying quickly and evasively, quick
A: beak, talons 3, nimble flight
a: Renounce Religion, Evoke Invisibility, Potion Petition, Call Merchant, Bribe
Branch


You were on level 13 of the Dungeon.
You worshipped Gozag.
Gozag was most pleased with you.
You visited 4 branches of the dungeon, and saw 21 of its levels.
You visited 1 bazaar.

You collected 7253 gold pieces.
You spent 1088 gold pieces at shops.
You paid 1417 gold pieces to Gozag.

Inventory:

Hand Weapons
 e - a +1 dagger of venom
 v - the +6 Majin-Bo {spellvamp, MP+6 Int+6}
   (You acquired it on level 10 of the Dungeon)

   Int:       It affects your intelligence (+6).
   MP:        It affects your magic capacity (+6).
 M - a +4 dagger of draining (weapon)
Missiles
 F - 3 throwing nets
Armour
 D - a scarf of invisibility (worn)
 Q - a +2 ring mail of poison resistance (worn)
Jewellery
 u - a ring of positive energy
 z - an amulet of guardian spirit
 G - an amulet of magic regeneration (around neck)
 H - a ring of see invisible
 I - a +5 ring of evasion (left hand)
 R - a ring of poison resistance
 V - a ring of wizardry
 W - a +6 ring of strength
 X - a +6 ring of intelligence (right hand)
Wands
 E - a wand of mindburst (8)
 J - a wand of charming (15)
 O - a wand of iceblast (8)
 S - a wand of digging (8)
 U - a wand of flame (10)
Scrolls
 a - 3 scrolls of vulnerability
 d - a scroll of fog
 f - 5 scrolls of immolation
 g - a scroll of brand weapon
 h - 3 scrolls of poison
 j - 2 scrolls of fear
 q - 5 scrolls of teleportation
 s - 2 scrolls of amnesia {unknown}
 w - 2 scrolls of enchant weapon
 x - 2 scrolls of silence
 y - a scroll of torment
 A - 2 scrolls of summoning {unknown}
 B - 2 scrolls of noise
 C - a scroll of enchant armour
 L - a scroll of magic mapping
 P - 2 scrolls of blinking
Potions
 b - 3 potions of magic
 c - 10 potions of curing
 k - 6 potions of invisibility
 l - 5 potions of flight
 m - 5 potions of lignification
 n - 3 potions of brilliance
 o - 3 potions of haste
 p - 4 potions of degeneration
 r - 4 potions of attraction
 t - 9 potions of heal wounds
 K - 3 potions of might
 N - a potion of ambrosia
 T - a potion of berserk rage


   Skills:
 + Level 14.4 Fighting
 - Level 5.0 Armour
 + Level 14.8 Dodging
 - Level 2.0 Stealth
 + Level 10.3 Spellcasting
 + Level 17.1 Summonings
 - Level 7.0 Air Magic


You had 14 spell levels left.
You knew the following spells:

 Your Spells              Type           Power      Damage    Failure   Level
a - Summon Small Mammal   Summ           100%       N/A       0%          1
b - Call Imp              Summ           100%       N/A       0%          2
c - Call Canine Familiar  Summ           84%        N/A       1%          3
d - Summon Lightning Spi  Summ/Air       70%        N/A       1%          4
e - Summon Guardian Gole  Hex/Summ       58%        N/A       1%          3
f - Summon Hydra          Summ           42%        N/A       8%          7

Your spell library contained the following spells:

 Spells                   Type           Power      Damage    Failure   Level
 Static Discharge         Conj/Air       68%        2-5/arc   3%          2
 Airstrike                Air            26%        2d(4-20)  5%          4
 Apportation              Tloc           28%        N/A       10%         1
 Beastly Appendage        Tmut           28%        N/A       10%         1
 Necrotise                Necr           56%        1d6       10%         1
 Slow                     Hex            56%        N/A       10%         1
 Sublimation of Blood     Necr           14%        N/A       14%         2
 Wereblood                Tmut           14%        N/A       14%         2
 Confusing Touch          Hex            14%        N/A       28%         3
 Dazzling Flash           Conj/Hex       28%        N/A       28%         3
 Gell's Gravitas          Tloc           14%        N/A       28%         3
 Ozocubu's Armour         Ice            14%        N/A       28%         3
 Spider Form              Tmut/Pois      14%        N/A       28%         3
 Teleport Other           Tloc           14%        N/A       28%         3
 Vampiric Draining        Necr           14%        2d7       28%         3
 Volatile Blastmotes      Fire/Tloc      28%        2d12      28%         3
 Silence                  Hex/Air        17%        N/A       54%         5
 Iskenderun's Mystic Bla  Conj/Tloc      14%        2d5       67%         4
 Passage of Golubria      Tloc           14%        N/A       67%         4
 Agony                    Necr           14%        N/A       95%         5
 Blade Hands              Tmut           7%         N/A       95%         5
 Irradiate                Conj/Tmut      7%         3d14      95%         5
 Dispersal                Tloc           7%         N/A       100%        6
 Starburst                Conj/Fire      7%         6d4       100%        6
 Dragon Form              Tmut           7%         N/A       100%        7
 Ozocubu's Refrigeration  Ice            7%         4d9       100%        7
 Lehudib's Crystal Spear  Conj/Erth      7%         10d3      100%        8


Dungeon Overview and Level Annotations

Branches:
Dungeon (13/15)            Temple (1/1) D:4            Lair (5/5) D:11
 Shoals (0/4) Lair:3        Snake (0/4) Lair:2        Slime (0/5) Lair:4
    Orc (2/2) D:12            Elf (0/3) Orc:2
 Vaults: D:13-14

Altars:
Ashenzari
Cheibriados
Dithmenos
Elyvilon
Gozag
Hepliaklqana
Kikubaaqudgha
Qazlal
Sif Muna
Trog
Uskayaw
Vehumet
Wu Jian
Yredelemnul
Zin

Shops:
D:4 (   D:10 *   Orc:2 =*[(   Lair:1 :[

Annotations:
D:11 3 runed translucent doors, LaMa's ghost, journeyman DrIE
D:13 Nessos


Innate Abilities, Weirdness & Mutations

You have a beak for a mouth.
You have claws for feet.
Your magical nature lets you fly swiftly and evasively.


Message History

Nessos the Markscentaur comes into view.
The centaur warrior unwields a +0 longbow.
The centaur warrior hits you but does no damage.
The centaur warrior closely misses you.
You barely miss the centaur warrior.
Nessos shouts!
Your kick misses the centaur warrior. Your peck misses the centaur warrior.
You hear two shouts!
The centaur warrior hits you!
* * * LOW HITPOINT WARNING * * *
The centaur warrior completely misses you.
Nessos mumbles some strange words.
Nessos blinks!
The tengu conjurer closely misses you. The tengu conjurer barely misses you.
The tengu conjurer claws you.
* * * LOW HITPOINT WARNING * * *
The centaur warrior completely misses you.
The centaur warrior barely misses you. The tengu warrior misses you.
The tengu warrior completely misses your warg.
The tengu warrior completely misses you.
The tengu warrior claws you.
* * * LOW HITPOINT WARNING * * *
The tengu conjurer attacks as you move away!
The tengu conjurer hits you but does no damage.
The tengu conjurer pecks you but does no damage.
The tengu conjurer claws you but does no damage.
The centaur warrior attacks as you move away!
The centaur warrior hits you but does no damage.
The centaur warrior misses you.
Your warg misses the tengu warrior.
The centaur warrior attacks as you move away!
The centaur warrior hits you.
* * * LOW HITPOINT WARNING * * *
The centaur warrior misses you.
The tengu warrior blocks your warg's attack.
The tengu warrior hits your warg with a +0 war axe.
The tengu warrior pecks your warg but does no damage.
The tengu warrior claws your warg.
The centaur warrior wields a +0 longbow.
The centaur warrior shoots an arrow.
The arrow hits you!
You die...
Your body crumbles into a pile of gold.

#..........#
#..........#
#..........#
#...<......#
#..........#
#..........#
#..<.......#
#..........#
+....@h....#
#......Q...#
#......cQ..#
########..##
c## .. ... $
...# .ยง.#


You could see Nessos, a tengu warrior (ally target), a centaur warrior, a tengu
conjurer and a friendly warg (summoned).

Vanquished Creatures
  A catoblepas (Lair:5)
  A death yak (Lair:3)
  2 orc high priests (Orc:2)
  Pikel (D:5)
  A merfolk siren (Lair:3)
  3 cane toads
  A dream sheep (Lair:5)
  2 blink frogs
  A shadow (D:11)
  4 yaks
  3 water moccasins
  3 orc warriors (Orc:2)
  An ogre (Orc:1)
  A wolf (Lair:2)
  A centaur (D:10)
  A phantom (D:5)
  2 lemures (D:5)
  2 bullfrogs
  A scorpion (D:7)
  3 killer bees
  An orc priest (D:5)
  A sleepcap (D:5)
  3 orc wizards
  A gnoll (D:5)
  An adder (D:2)
  9 orcs
  3 ball pythons
  3 giant cockroaches
  2 goblins
  2 hobgoblins
  2 quokkas
  3 bats
  3 kobolds (D:10)
  A rat (D:3)
70 creatures vanquished.

Vanquished Creatures (collateral kills)
  Gastronok (Lair:1)
  An orc warlord (D:12)
  Josephine (Lair:4)
  2 hydras
  2 catoblepae (Lair:5)
  Erica (D:10)
  A boulder beetle (D:12)
  6 two-headed ogres
  12 death yaks
  3 orc high priests (Orc:2)
  Nergalle (Lair:1)
  A skyshark (Lair:2)
  A skeletal warrior (D:12)
  2 lindwurms
  4 orc knights (Orc:2)
  2 cyclopes (D:12)
  3 orc sorcerers (Orc:2)
  10 elephants
  2 manticores (Lair:5)
  6 black mambas
  9 cane toads
  Joseph (D:8)
  Psyche (D:9)
  A rime drake (Lair:4)
  7 komodo dragons
  2 unseen horrors (D:12)
  A kobold demonologist (D:12)
  3 merfolk (Lair:3)
  5 trolls
  3 polar bears
  A hornet (D:9)
  6 blink frogs
  Prince Ribbit (D:8)
  9 dream sheep
  3 shadows
  5 wyverns
  5 wraiths
  53 yaks
  A steam dragon (D:7)
  5 basilisks
  3 nagas (Lair:2)
  3 wargs
  3 acid dragons
  13 water moccasins
  41 orc warriors
  5 black bears
  7 ogres
  5 wolves
  2 centaurs
  A nameless horror (D:7)
  4 phantoms
  A lemure (D:5)
  2 kobold brigands
  8 bullfrogs
  4 scorpions
  5 wights (D:9)
  9 killer bees
  3 electric eels
  18 orc priests
  5 hounds
  5 jellies
  5 sleepcaps
  Terence (D:3)
  Natasha (thrice) (D:2)
  An iguana (D:6)
  29 orc wizards
  6 gnolls
  7 adders
  3 shadow imps
  2 ufetubi
  3 worms
  2 dart slugs
  76 orcs
  7 endoplasms
  4 giant cockroaches
  6 goblins
  2 hobgoblins (D:4)
  11 kobolds
  3 quokkas
  8 ball pythons
  2 bats (D:2)
  5 frilled lizards
  3 rats
520 creatures vanquished.

Vanquished Creatures (others)
  An orc warlord (Orc:2)
  A rakshasa (D:12)
  A boulder beetle (D:12)
  A black mamba (Lair:5)
  2 elephants (Lair:5)
  A cane toad (Lair:5)
  A torpor snail (Lair:5)
  A komodo dragon (Lair:5)
  A kobold demonologist (D:12)
  5 dream sheep (Lair:5)
  11 yaks (Lair:5)
  A basilisk (Lair:5)
  A kobold brigand (D:12)
  A quokka (D:11)
  A kobold (D:12)
30 creatures vanquished.

Grand Total: 620 creatures vanquished

Notes
Turn   | Place    | Note
-------+----------+-------------------------------------------
     0 | D:1      | MacCMillion the Tengu Summoner began the quest for the Orb.
     0 | D:1      | Reached XP level 1. HP: 10/10 MP: 4/4
   258 | D:1      | Reached skill level 5 in Summonings
   333 | D:1      | Reached XP level 2. HP: 13/15 MP: 3/6
   344 | D:1      | Learned a level 2 spell: Call Imp
  1122 | D:2      | Reached XP level 3. HP: 18/19 MP: 4/7
  1126 | D:2      | Learned a level 3 spell: Call Canine Familiar
  1184 | D:2      | Noticed Natasha
  1193 | D:2      | Killed Natasha
  1253 | D:2      | Noticed Natasha
  1274 | D:2      | Killed Natasha
  1275 | D:2      | Reached skill level 6 in Summonings
  1275 | D:2      | Reached XP level 4. HP: 24/24 MP: 1/9
  1659 | D:2      | Noticed Natasha
  1675 | D:2      | Killed Natasha
  1676 | D:2      | Gained mutation: Your magical nature lets you fly swiftly
                  | and evasively. [Tengu growth]
  1676 | D:2      | Reached XP level 5. HP: 23/28 MP: 3/10
  2151 | D:2      | Reached skill level 7 in Summonings
  2669 | D:3      | Noticed Terence
  2710 | D:3      | Killed Terence
  2711 | D:3      | Reached skill level 1 in Fighting
  3161 | D:3      | Reached XP level 6. HP: 35/35 MP: 11/11
  3317 | D:4      | Found Sawudeugg's Firing Range.
  3467 | D:4      | Found a staircase to the Ecumenical Temple.
  3481 | Temple   | Entered the Ecumenical Temple
  3489 | Temple   | Became a worshipper of Gozag Ym Sagoz the Greedy
  3861 | D:4      | Reached XP level 7. HP: 34/41 MP: 7/12
  4072 | D:4      | Reached skill level 5 in Dodging
  4481 | D:5      | Entered Level 5 of the Dungeon
  4727 | D:5      | Noticed Pikel
  5048 | D:5      | Reached skill level 5 in Fighting
  5048 | D:5      | Reached XP level 8. HP: 43/49 MP: 13/13
  5169 | D:5      | Killed Pikel
  5844 | D:6      | Reached skill level 8 in Summonings
  5844 | D:6      | Reached XP level 9. HP: 54/54 MP: 9/14
  5983 | D:6      | Reached skill level 5 in Air Magic
  6585 | D:6      | Found an ornate altar of the Wu Jian Council.
  6668 | D:6      | Reached skill level 9 in Summonings
  6919 | D:7      | HP: 1/54 [something] (4)]
  7345 | D:7      | Learned a level 4 spell: Summon Lightning Spire
  7459 | D:7      | Found a glowing silver altar of Zin.
  8130 | D:7      | Reached skill level 10 in Summonings
  8212 | D:8      | Noticed Prince Ribbit
  8222 | D:8      | Killed Prince Ribbit
  8422 | D:8      | Identified the +3 short sword of Naor {elec, rCorr Int+3}
  8444 | D:8      | Reached XP level 10. HP: 59/59 MP: 12/16
  9162 | D:8      | Noticed Joseph
  9169 | D:8      | Killed Joseph
  9170 | D:8      | Reached skill level 11 in Summonings
  9382 | D:8      | Noticed a two-headed ogre
  9393 | D:8      | Killed a two-headed ogre
  9394 | D:8      | Reached skill level 5 in Spellcasting
 10605 | D:9      | Reached XP level 11. HP: 67/67 MP: 16/20
 10655 | D:9      | Noticed a two-headed ogre
 10672 | D:9      | Killed a two-headed ogre
 10793 | D:9      | Found a radiant altar of Vehumet.
 10793 | D:9      | Noticed Psyche
 10808 | D:9      | Killed Psyche
 10809 | D:9      | Reached skill level 10 in Dodging
 10984 | D:9      | Noticed a two-headed ogre
 10990 | D:9      | Killed a two-headed ogre
 10991 | D:9      | Reached skill level 12 in Summonings
 11128 | D:9      | Found a bloodstained altar of Trog.
 11248 | D:10     | Entered Level 10 of the Dungeon
 11689 | D:10     | Found Viexyof's General Store.
 11831 | D:10     | Noticed Erica
 11860 | D:10     | Killed Erica
 12131 | D:10     | You are sucked into a shaft and drop 2 floors!
 12131 | D:12     | Found a staircase to the Orcish Mines.
 12228 | D:12     | Noticed a cyclops
 12242 | D:12     | Killed a cyclops
 12547 | D:11     | Noticed a two-headed ogre
 12557 | D:11     | Killed a two-headed ogre
 12567 | D:11     | Found a white marble altar of Elyvilon.
 12760 | D:11     | Found a staircase to the Lair.
 12773 | D:11     | Reached skill level 13 in Summonings
 12832 | D:11     | Found a runed translucent gate.
 12832 | D:11     | Found a runed translucent gate.
 12832 | D:11     | Found a runed translucent gate.
 13117 | D:11     | Noticed LaMa's ghost (journeyman DrIE)
 13198 | D:10     | Bought a scroll of identify for 34 gold pieces
 13198 | D:10     | Identified a scroll of acquirement
 13199 | D:10     | Acquired the +6 Majin-Bo {spellvamp, MP+6 Int+6}
 13199 | D:10     | Found the +6 Majin-Bo {spellvamp, MP+6 Int+6}
 13436 | Lair:1   | Entered Level 1 of the Lair of Beasts
 13436 | Lair:1   | Noticed Gastronok
 13450 | Lair:1   | Killed Gastronok
 13451 | Lair:1   | Reached XP level 12. HP: 32/76 MP: 21/22
 13704 | Lair:1   | Noticed Nergalle
 13723 | Lair:1   | Killed Nergalle
 13898 | Lair:1   | Reached skill level 10 in Fighting
 14640 | Lair:1   | Bought a +2 ring mail of poison resistance for 252 gold
                  | pieces
 14654 | Lair:2   | Noticed a skyshark
 14661 | Lair:2   | Killed a skyshark
 14730 | Lair:2   | Noticed a four-headed hydra
 14744 | Lair:2   | Killed a four-headed hydra
 14782 | Lair:2   | Found a staircase to the Snake Pit.
 16247 | Lair:3   | Reached skill level 14 in Summonings
 16618 | Lair:3   | Reached XP level 13. HP: 86/86 MP: 23/23
 16867 | Lair:3   | Reached skill level 1 in Armour
 17865 | Lair:3   | Found a staircase to the Shoals.
 18225 | Lair:3   | Reached skill level 15 in Summonings
 19290 | Lair:3   | Reached skill level 5 in Armour
 19356 | Lair:3   | Learned a level 3 spell: Summon Guardian Golem
 19400 | Lair:1   | Bought a book of Blood for 364 gold pieces
 19408 | Lair:1   | Learned a level 7 spell: Summon Hydra
 19955 | Lair:4   | Found a staircase to the Slime Pits.
 19988 | Lair:4   | Reached XP level 14. HP: 68/94 MP: 25/25
 20207 | Lair:4   | Noticed Josephine
 20221 | Lair:4   | Killed Josephine
 20705 | Lair:5   | Entered Level 5 of the Lair of Beasts
 21069 | Lair:5   | Reached skill level 16 in Summonings
 23082 | D:12     | Reached XP level 15. HP: 85/100 MP: 29/29
 23764 | Orc:1    | Entered Level 1 of the Orcish Mines
 23764 | Orc:1    | Noticed an orc warlord
 23791 | D:12     | Killed an orc warlord
 24614 | Orc:2    | Entered Level 2 of the Orcish Mines
 24933 | Orc:2    | Reached skill level 10 in Spellcasting
 24995 | Orc:2    | Noticed an orc warlord
 25389 | Orc:2    | Killed an orc warlord
 25531 | Orc:2    | Reached skill level 17 in Summonings
 25571 | Orc:2    | Found a staircase to the Elven Halls.
 25633 | Orc:2    | Found a shimmering blue altar of Sif Muna.
 25705 | Orc:2    | Found a flickering gateway to a bazaar.
 25730 | Bazaar   | Entered a bazaar
 25756 | Bazaar   | Found Dudwe's Armour Emporium.
 25757 | Bazaar   | Found Huzur's Weapon Emporium.
 25800 | Bazaar   | Found Opocsiso's General Store.
 25800 | Bazaar   | Found Hoimian's Distillery.
 25808 | Bazaar   | Bought a potion of haste for 130 gold pieces
 25808 | Bazaar   | Bought a scroll of vulnerability for 52 gold pieces
 25822 | Bazaar   | Bought a potion of degeneration for 16 gold pieces
 25822 | Bazaar   | Bought 2 potions of heal wounds for 160 gold pieces
 25822 | Bazaar   | Bought a potion of heal wounds for 80 gold pieces
 26223 | Orc:2    | Found Urecra's Antique Armour Emporium.
 26224 | Orc:2    | Found Vonaqan's Antique Weapon Shoppe.
 26226 | Orc:2    | Found Fozyrann's General Store.
 26226 | Orc:2    | Found Avius's Jewellery Emporium.
 26799 | D:13     | Noticed Nessos
 26802 | D:13     | Shot with an arrow by a centaur warrior

Illustrated notes

Levels and vault maps discovered:
D:1:      lemuel_arrival_muddy, layout_basic
D:2:      minmay_chambers_of_ones, layout_loops_ring, kennysheep_cluttered_room,
          minivault_4, kennysheep_generic_room_9, uniq_natasha
D:3:      layout_loops_cross, st_stairs_9, uniq_terence
D:4:      minmay_door_path, layout_cave_pools, minmay_temple_entry_sparse_star,
          nicolae_shop_firing_range
D:5:      layout_rooms, cheibrodos_gnoll_hut, uniq_pikel
D:6:      layout_basic, overflow_temple_1_default
D:7:      layout_basic, mainiacjoe_overflow_catwalk,
          minmay_fractal_squares_gapless_5
D:8:      layout_basic, minivault_25, due_unseen_surprise, uniq_prince_ribbit1,
          uniq_joseph
D:9:      layout_irregular_city, trog_antimagical, vehumet_crystals,
          roderic_cross_of_infinity, uniq_psyche
D:10:     layout_roguey, serial_shops, shop, minmay_misc_feat_x, uniq_erica
D:11:     layout_big_octagon, david_lair_generic, gammafunk_ghost_necromancy,
          elyvilon_altar_4
D:12:     layout_basic, orc_0_dummy
D:13:     layout_roguey, grunt_vaults_entry_tiered, uniq_nessos
Temple:   nicolae_temple_two_arcs
Lair:1:   layout_loops_ring, grunt_megastairs_1, uniq_nergalle, uniq_gastronok
Lair:2:   layout_cave_pods, minmay_snake_entry_guardpost_small,
          amcnicky_mini_pool_medium
Lair:3:   layout_small_grid, elwin_shoals_entry_stream, wad_woods_river_01
Lair:4:   layout_gridlike, slime_entry_1, uniq_josephine
Lair:5:   evilmike_catoblepas_cave, layout_cave_shapes
Orc:1:    layout_caves
Orc:2:    st_orc_congregation, layout_caves, serial_shops, bzr_entry_islet,
          led_sif_book

Skill      XL: |  1  2  3  4  5  6  7  8  9 10 11 12 13 14 15 |
---------------+----------------------------------------------+-----
Summonings     | 5 6 7 8 10 11 13 14 15 16 17 | 17.1
Spellcasting   | 3 5 6 9 10 | 10.3
Fighting       | 2 3 5 7 9 12 13 14 | 14.4
Dodging        | 3 4 6 8 9 11 12 13 14 | 14.8
Air Magic      | 4 7 |  7.0
Armour         | 5 |  5.0
Stealth        | |  2.0

Action                     |  1- 3 |  4- 6 |  7- 9 | 10-12 | 13-15 || total
---------------------------+-------+-------+-------+-------+-------++-------
  Melee: Unarmed           |     2 |       |       |       |       ||     2
         Peck              |     2 |     6 |    17 |    15 |    41 ||    81
         Dagger            |    12 |    32 |    50 |    40 |    37 ||   171
         Kick              |     3 |    10 |    23 |    31 |    64 ||   131
         Bo                |       |       |       |    39 |   110 ||   149
         Punch             |       |       |       |       |     2 ||     2
   Cast: Summon Small Mamm |    38 |    12 |       |       |       ||    50
         Call Imp          |     3 |    20 |    34 |     9 |     7 ||    73
         Call Canine Famil |     2 |    20 |    50 |    54 |    86 ||   212
         Summon Lightning  |       |       |    10 |    65 |   108 ||   183
         Summon Guardian G |       |       |       |       |    42 ||    42
         Summon Hydra      |       |       |       |       |    18 ||    18
 Invoke: Call Merchant     |       |       |       |     2 |       ||     2
    Use: Scroll            |       |       |       |    17 |     7 ||    24
         Potion            |       |       |       |       |     3 ||     3
   Stab: Sleeping          |       |     2 |       |       |     1 ||     3
         Distracted        |       |       |       |       |     7 ||     7
 Armour: Robe              |     1 |     4 |     4 |     1 |       ||    10
         Ring mail         |       |       |       |     5 |    38 ||    43
  Dodge: Dodged            |    12 |    28 |    57 |    94 |   303 ||   494
